 Dungeon Crawl Stone Soup version 0.29.0-4-gdea44cf6ec (webtiles) character file.

Game seed: 3981425328671924081

10 qw the Chopper (level 2, 0/24 HPs)
             Began as a Barachi Chaos Knight on Sept 4, 2022.
             Slain by a jackal (3 damage)
             ... on level 1 of the Dungeon.
             The game lasted 00:00:09 (395 turns).

qw the Chopper (Barachi Chaos Knight)                Turns: 395, Time: 00:00:10

Health: 0/24       AC:  5    Str: 13    XL:     2   Next: 20%
Magic:  2/2        EV: 11    Int: 12    God:
Gold:   8          SH:  0    Dex: 11    Spells: 1/1 levels left

rFire   . . .      SeeInvis .   a - +0 hand axe (chaos)
rCold   . . .      Faith    .   (no shield)
rNeg    . . .      Spirit   .   b - +2 leather armour
rPois   .          Reflect  .   (no helmet)
rElec   .          Harm     .   (no cloak)
rCorr   .          Rampage  .   (no gloves)
Will    .....                   (no boots)
Stlth   +.........              (no amulet)
HPRegen 0.08/turn               (no ring)
MPRegen 0.08/turn               (no ring)

@: slow
A: amphibious, slowness 1, strong legs 1, +LOS
a: Hop


You were on level 1 of the Dungeon.
You visited 1 branch of the dungeon, and saw 1 of its levels.

You collected 8 gold pieces.


Innate Abilities, Weirdness & Mutations

You are amphibious.
You cover ground slowly.
You can hop short distances.
You have an extended range of vision and can be seen from far away.


   Skills:
 - Level 3.6 Fighting
 + Level 4.0 Axes
 - Level 2.4 Armour
 - Level 1.1 Dodging


You had one spell level left.
You didn't know any spells.
Your spell library was empty.

Inventory:

Hand Weapons
 a - a +0 hand axe of chaos (weapon)
Armour
 b - a +2 leather armour (worn)
Potions
 d - a potion of invisibility {unknown}
 e - a potion of flight {unknown}
Miscellaneous
 c - a piece from Xom's chessboard (15/15)

Dungeon Overview and Level Annotations

Branches:
Dungeon (1/15)

Altars:


Message History

Something bites you but does no damage. The jackal bites you.
Something completely misses you. The jackal bites you.
You closely miss the jackal.
The jackal is severely wounded.
You miss something. Something bites you but does no damage.
The jackal bites you but does no damage.
You closely miss the jackal.
The jackal is severely wounded.
You completely miss something. Something bites you but does no damage.
The jackal bites you. Something bites you but does no damage.
The jackal barely misses you.
You hit the jackal. You burn the jackal.
You kill the jackal!
You hit something but do no damage. Something bites you.
You hit something. Something bites you. Something bites you but does no damage.
You closely miss something. Something bites you.
You miss something.
Something bites you but does no damage. x2
You hit something but do no damage. Something bites you. x2
You closely miss something. Something bites you.
You hit something but do no damage. Something bites you. x2
You miss something. Something bites you but does no damage.
You closely miss something. Something bites you. x2
You barely miss something. Something bites you but does no damage.
You completely miss something.
Something bites you but does no damage. x2
You hit something.
Nothing appears to happen.
Something bites you but does no damage. Something bites you.
You die... "This toy is broken."

#.....%..#.%..
#.##..####...#
#####.###.# ##...#
..........# #....#
#.######.##..###.#.##
#h........#........#
#.###%.%# #.###)..##
#....%..#######...#
####@#...## ##...##
#.##.%.###...##
..###...}...## ####
##.._..## ##...##
#...# #...# #...#
#...#


There were no monsters in sight!

Vanquished Creatures
  A giant cockroach (D:1)
  A hobgoblin (D:1)
  3 jackals (D:1)
  A quokka (D:1)
  A kobold (D:1)
  2 rats (D:1)
9 creatures vanquished.

Notes
Turn   | Place    | Note
-------+----------+-------------------------------------------
     0 | D:1      | qw the Barachi Chaos Knight began the quest for the Orb.
     0 | D:1      | Reached XP level 1. HP: 18/18 MP: 1/1
     0 | D:1      | 0 ||| qw: Version: 0.1-a-103-gd6f5d3a
     0 | D:1      | 0 ||| qw: Game counter: 5767
     0 | D:1      | 0 ||| qw: Always use a shield: true
     0 | D:1      | 0 ||| qw: God list: Okawaru
     0 | D:1      | 0 ||| qw: Allow faded altars: false
     0 | D:1      | 0 ||| qw: Do Orc after D:15 true
     0 | D:1      | 0 ||| qw: Do second Lair branch before Depths: true
     0 | D:1      | 0 ||| qw: Lair rune preference: random
     0 | D:1      | 0 ||| qw: Plans: Normal
     0 | D:1      | 0 ||| PLANNING D:1-11
     0 | D:1      | Fell from the grace of Xom
   244 | D:1      | Found a faded altar of an unknown god.
   250 | D:1      | 250 ||| Stepping ~*~*~tactically~*~*~ (stealth).
   251 | D:1      | 251 ||| Stepping ~*~*~tactically~*~*~ (stealth).
   265 | D:1      | XOM: confuse monster(s)
   363 | D:1      | Reached XP level 2. HP: 24/24 MP: 2/2
   369 | D:1      | 369 ||| Stepping ~*~*~tactically~*~*~ (stealth).
   372 | D:1      | Reached skill level 4 in Axes
   390 | D:1      | HP: 5/24 [something (2)]
   395 | D:1      | Slain by a jackal

Levels and vault maps discovered:
D:1:      lemuel_arrival_tunnels, layout_basic,
          hellmonk_ecumenical_altar_crossroads

Skill      XL: |  1  2 |
---------------+-------+-----
Axes           | 4 |  4.0
Fighting       | |  3.6
Armour         | |  2.4
Dodging        | |  1.1

Action                   || total
-------------------------++-------
Melee: Hand axe          ||    31
Invok: Renounce Religion ||     1
Armor: Leather armour    ||    26
Dodge: Dodged            ||     8

Table legend:
 A = Non-vault XP
 B = Vault XP
 C = Vault XP percentage of total XP
 D = Non-vault monster count
 E = Vault monster count
 F = Vault count percentage of total count
                 A         B        C        D         E       F
            +---------+---------+-------+---------+---------+-------
      Total |      15 |       0 |   0.0 |       9 |       0 |   0.0
            +---------+---------+-------+---------+---------+-------
        D:1 |      15 |       0 |   0.0 |       9 |       0 |   0.0
            +---------+---------+-------+---------+---------+-------
